 Dungeon Crawl Stone Soup version 0.30-a0-728-gc68057be0a (webtiles) character file.

Game seed: 7768256514080482624

1773 mandoloar the Cleaver (level 8, 0/64 HPs)
             Began as a Minotaur Fighter on Feb 1, 2023.
             Slain by an orc wizard
             ... wielding a +0 dagger
              (2 damage)
             ... on level 6 of the Dungeon.
             The game lasted 00:12:22 (5864 turns).

mandoloar the Cleaver (Minotaur Fighter)            Turns: 5864, Time: 00:12:23

Health: 0/64       AC:  9    Str: 22    XL:     8   Next: 80%
Magic:  0/7        EV: 10    Int:  5    God:
Gold:   262        SH:  0    Dex: 11    Spells: 7/7 levels left

rFire   . . .      SeeInvis .    a - +1 war axe
rCold   . . .      Faith    .    y - +2 buckler
rNeg    . . .      Spirit   +    o - +1 ring mail {rPois}
rPois   +          Reflect  .    (helmet restricted)
rElec   .          Harm     .    w - +0 cloak
rCorr   .          Rampage  .    (no gloves)
Will    .....                    q - +0 pair of boots Stlth
                                 e - amulet of guardian spirit
HPRegen 0.30/turn                (no ring)
MPRegen 0.10/turn                (no ring)

@: confused
A: horns 2, retaliatory headbutt
a: no special abilities


You were on level 6 of the Dungeon.
You visited 1 branch of the dungeon, and saw 7 of its levels.

You collected 262 gold pieces.

Inventory:

Hand Weapons
 a - a +1 war axe (weapon)
Missiles
 f - 79 stones (quivered)
Armour
 o - a +1 ring mail of poison resistance (worn)
 q - a +0 pair of boots (worn)
 w - a +0 cloak (worn)
 y - a +2 buckler (worn)
Jewellery
 e - an amulet of guardian spirit (around neck)
Wands
 b - a wand of mindburst (7)
 i - a wand of charming (4)
 m - a wand of digging (8)
 r - a wand of acid (6)
Scrolls
 h - a scroll of brand weapon {unknown}
 j - 4 scrolls of identify
 p - a scroll of enchant weapon
 s - 2 scrolls of teleportation
 u - a scroll of blinking
 v - 2 scrolls of vulnerability {unknown}
Potions
 d - a potion of brilliance {unknown}
 g - 2 potions of heal wounds {unknown}
 k - a potion of lignification
 l - 3 potions of cancellation {unknown}
 n - a potion of mutation {unknown}
 t - a potion of degeneration {unknown}
 x - a potion of haste {unknown}


   Skills:
 - Level 3.6 Fighting
 + Level 13.6 Axes
 - Level 3.6 Armour
 - Level 3.6 Shields


You had 7 spell levels left.
You didn't know any spells.
Your spell library contained the following spells:

 Spells                   Type           Power      Damage    Failure   Level
 Freeze                   Ice            0%         1d3       73%         1
 Kiss of Death            Conj/Necr      0%         2d5       73%         1
 Sandblast                Erth           0%         2d4       73%         1
 Passwall                 Tmut/Erth      0%         N/A       86%         2
 Confusing Touch          Hex            0%         N/A       97%         3
 Frozen Ramparts          Ice            0%         1d1       97%         3
 Hailstorm                Conj/Ice       0%         3d3       97%         3
 Kindle Blastsparks       Fire/Tloc/Air  0%         2d10      97%         3
 Stone Arrow              Conj/Erth      0%         3d7       97%         3
 Dispel Undead            Necr           0%         3d6       100%        4
 Fulminant Prism          Conj/Hex       0%         3d5       100%        4
 Iskenderun's Mystic Bla  Conj/Tloc      0%         2d3       100%        4
 Lee's Rapid Deconstruct  Erth           0%         3d4*      100%        5


Dungeon Overview and Level Annotations

Branches:
Dungeon (7/15)
 Temple: D:4-7

Altars:
Ashenzari
Kikubaaqudgha
Nemelex Xobeh
Trog

Shops:
D:5 *


Innate Abilities, Weirdness & Mutations

You have a pair of horns on your head.
You reflexively headbutt those who attack you in melee.


Message History

The slug dart hits you.
* * * LOW HITPOINT WARNING * * *
You climb upwards.
You feel less confused.
There is a stone staircase leading down here.
The orc wizard gestures at you while chanting.
You are confused.
You're too confused to move!
You bump into the rock wall.
The orc wizard gestures at you while chanting.
You resist with some effort.
You bump into the rock wall.
You slash the orc wizard!
The orc wizard is heavily wounded.
You slash the orc wizard!
The orc wizard hits you but does no damage.
The orc wizard barely misses you.
The orc wizard points at you and mumbles some strange words.
You are more confused.
You bump into the rock wall.
The orc wizard points at you and mumbles some strange words.
You resist with some effort.
The orc wizard hits you but does no damage.
You are too confused!
Okay, then.
The orc wizard hits you with a +0 dagger.
* * * LOW HITPOINT WARNING * * *
The orc wizard hits you with a +0 dagger.
* * * LOW HITPOINT WARNING * * *
You closely miss the orc wizard.
The orc wizard is heavily wounded.
You miss the orc wizard.
The orc wizard points at you and mumbles some strange words.
The puff of flame hits you.
* * * LOW HITPOINT WARNING * * *
The orc wizard hits you with a +0 dagger.
* * * LOW HITPOINT WARNING * * *
You bump into the rock wall.
The orc wizard hits you with a +0 dagger.
You die...

#..............######
#..............#
#.........######
#...........###
#####.........# #
#.........# ..
#.........#### ...
#...........o##
......o####
###.........##@.###...#
#....
..#.........###o.....#
#.### #.#.........#
#...##.#
.##.#.........# #>#.#
....#.........# ###.#
...<#.........# .#
#####.........# .#
########### .. ##


You could see 2 orc wizards.

Vanquished Creatures
  Eustachio (D:4)
  Menkaure (D:5)
  A water moccasin (D:5)
  A black bear (D:6)
  A sky beast (D:5)
  4 ogres
  2 phantoms (D:5)
  A necrophage (D:4)
  2 scorpions (D:5)
  4 hounds
  2 gnoll boudas (D:5)
  Ijyb (D:5)
  Terence (D:3)
  3 iguanas (D:5)
  2 orc wizards
  9 adders
  4 gnolls (D:5)
  A worm (D:5)
  2 dart slugs
  12 orcs
  3 ball pythons
  6 endoplasms
  A giant cockroach (D:3)
  8 goblins
  4 hobgoblins
  10 kobolds
  4 quokkas
  5 bats
  2 frilled lizards (D:1)
  3 rats
101 creatures vanquished.

Notes
Turn   | Place    | Note
-------+----------+-------------------------------------------
     0 | D:1      | mandoloar the Minotaur Fighter began the quest for the Orb.
     0 | D:1      | Reached XP level 1. HP: 19/19 MP: 0/0
   124 | D:1      | Reached skill level 3 in Axes
   141 | D:1      | Reached XP level 2. HP: 26/26 MP: 1/1
   738 | D:1      | Reached skill level 4 in Axes
   975 | D:2      | Reached XP level 3. HP: 29/31 MP: 2/2
  1197 | D:2      | Reached skill level 5 in Axes
  1383 | D:3      | Reached XP level 4. HP: 39/39 MP: 3/3
  1658 | D:3      | Noticed Terence
  1672 | D:3      | Killed Terence
  1673 | D:3      | Reached skill level 6 in Axes
  2121 | D:5      | Entered Level 5 of the Dungeon
  2161 | D:4      | Noticed an ogre
  2173 | D:4      | Killed an ogre
  2174 | D:4      | Reached skill level 7 in Axes
  2174 | D:4      | Reached XP level 5. HP: 23/45 MP: 4/4
  2277 | D:4      | Noticed Eustachio
  2287 | D:4      | Killed Eustachio
  2288 | D:4      | Reached skill level 8 in Axes
  2288 | D:4      | Reached XP level 6. HP: 17/51 MP: 5/5
  2561 | D:4      | Found a broken altar of Ashenzari.
  2851 | D:4      | Found a sparkling altar of Nemelex Xobeh.
  2907 | D:4      | Reached skill level 9 in Axes
  3442 | D:5      | Reached XP level 7. HP: 47/57 MP: 6/6
  3846 | D:5      | Noticed Ijyb
  3868 | D:5      | Killed Ijyb
  3869 | D:5      | Reached skill level 10 in Axes
  3952 | D:5      | Found Jaruikhi's General Store.
  4081 | D:5      | Found a large runed translucent door.
  4083 | D:5      | Found a large runed translucent door.
  4109 | D:5      | Reached skill level 11 in Axes
  4361 | D:5      | Reached XP level 8. HP: 53/64 MP: 7/7
  4668 | D:5      | Noticed Menkaure
  4676 | D:5      | Killed Menkaure
  4677 | D:5      | Reached skill level 12 in Axes
  5033 | D:5      | Reached skill level 13 in Axes
  5589 | D:5      | Found a bloodstained altar of Trog.
  5597 | D:5      | Found an ancient bone altar of Kikubaaqudgha.
  5863 | D:6      | HP: 3/64 [orc wizard/puff of flame (3)]
  5863 | D:6      | HP: 1/64 [orc wizard/+0 dagger (2)]
  5864 | D:6      | Slain by an orc wizard

Illustrated notes

Levels and vault maps discovered:
D:1:      dpeg_arrival_renting, layout_loops_corners
D:2:      layout_rooms, corexii_shack
D:3:      layout_basic, patterned_corridor, uniq_terence
D:4:      layout_basic, kennysheep_mini_moat, nemelex_altar_shiori,
          uniq_eustachio
D:5:      minmay_razor_zed, layout_basic, jmf_multi_god_temple2, serial_shops,
          nicolae_shop_advertising_works [nicolae_subvault_shop_adworks],
          uniq_menkaure, uniq_ijyb
D:6:      layout_basic, mainiacjoe_overflow_alcove_4,
          minmay_temple_entry_water_ring, enter_ossuary_4,
          small_statue_intersection
D:7:      kennysheep_slugbush, layout_basic, mainiacjoe_overflow_tiny_flanked,
          minmay_splitting_lines, uniq_pikel

Skill      XL: |  1  2  3  4  5  6  7  8 |
---------------+-------------------------+-----
Axes           | 3 4 5 7 8 9 11 13 | 13.6
Fighting       | |  3.6
Armour         | |  3.6
Shields        | |  3.6

Action                     |  1- 3 |  4- 6 |  7- 9 || total
---------------------------+-------+-------+-------++-------
  Melee: War axe           |    76 |    93 |   142 ||   311
         Headbutt          |    11 |     8 |    18 ||    37
    Use: Scroll            |       |     8 |     4 ||    12
         Potion            |       |     1 |       ||     1
 Armour: Scale mail        |    33 |    20 |       ||    53
         Ring mail         |       |    16 |    30 ||    46
  Dodge: Dodged            |    43 |    30 |    43 ||   116
  Block: Buckler           |    20 |    25 |    32 ||    77

Table legend: (Time is in decaauts)
 A = Elapsed time spent in this place.
 B = Non-inter-level travel time spent in this place.
 C = Inter-level travel time spent in this place.
 D = Time resting spent in this place.
 E = Time spent auto-exploring this place.
 F = Levels seen in this place.
 G = Mean time per level.
                   A        B        C        D        E       F      G
               +--------+--------+--------+--------+--------+-----+--------+
         Total |   5912 |   5755 |    157 |   1298 |   3465 |   7 |  844.6 |
       Dungeon |   5912 |   5755 |    157 |   1298 |   3465 |   7 |  844.6 |
               +--------+--------+--------+--------+--------+-----+--------+

Top non-repeatable levels by time:
     D:5: 2220 daAuts
     D:4: 1294 daAuts
     D:1: 935 daAuts
     D:3: 754 daAuts
     D:2: 459 daAuts
     D:6: 244 daAuts
     D:7: 4 daAuts
